 Dungeon Crawl Stone Soup version 0.18.1-5-g4a78601 (webtiles) character file.

681 dvd the Digger (level 7, -7/56 HPs)
             Began as a Deep Dwarf Earth Elementalist on May 11, 2016.
             Was an Initiate of Ru.
             Mangled by an ogre
             ... wielding a +0 giant club
              (18 damage)
             ... on level 4 of the Dungeon.
             The game lasted 00:17:23 (4132 turns).

dvd the Digger (Deep Dwarf Earth Elementalist)      Turns: 4132, Time: 00:17:23

Health: -7/56      AC:  7    Str: 12    XL:     7   Next: 34%
Magic:  8/14       EV:  8    Int: 15    God:    Ru [......]
Gold:   127        SH:  0    Dex: 13    Spells: 2 memorised, 11 levels left

rFire  . . .     SeeInvis .     a - +0 flail (crush)
rCold  + + .     Gourm    .     y - +2 robe {rC+}
rNeg   . . .     Faith    .     (no shield)
rPois  .         Spirit   .     (no helmet)
rElec  .         Dismiss  .     (no cloak)
rCorr  .         Reflect  .     m - +0 pair of gloves
SustAt .         Harm     .     (no boots)
MR     +....                    (no amulet)
Stlth  ++........               (no ring)
                                (no ring)

@: non-regenerating, somewhat resistant to hostile enchantments, unstealthy
A: damage resistance, recharge devices, slimy green scales 1, cold resistance 1,
dopey 1, sense surroundings 1, slow regeneration 3
a: Device Recharging, Renounce Religion


You were on level 4 of the Dungeon.
You worshipped Ru.
Ru was noncommittal.
You were not hungry.

You visited 1 branch of the dungeon, and saw 4 of its levels.

You collected 127 gold pieces.

Inventory:

Hand Weapons
 a - a +0 flail of crushing (weapon)
 b - a +0 war axe
Missiles
 c - 100 stones (quivered)
Armour
 l - a +0 buckler
 m - a +0 pair of gloves (worn)
 y - a +2 robe of cold resistance (worn)
Wands
 d - a wand of heal wounds (0/9)
Scrolls
 h - 2 scrolls of identify
 k - a scroll of blinking {unknown}
 w - a scroll of remove curse
Potions
 i - a potion of might
Books
 e - a book of Geomancy

   Spells                             Type                      Level
   a - Sandblast                      Earth                        1
   b - Passwall                       Transmutation/Earth          2
   c - Stone Arrow                    Conjuration/Earth            3
   d - Petrify                        Transmutation/Earth          4
   e - Lee's Rapid Deconstruction     Earth                        5
Comestibles
 f - 4 bread rations
 j - a royal jelly
 n - 5 fruits
 o - a beef jerky


   Skills:
 + Level 0.6 Fighting
 + Level 1.2 Maces & Flails
 + Level 3.1 Dodging
 + Level 3.2 Stealth
 + Level 4.8 Spellcasting
 + Level 0.1 Conjurations
   Level 0.8 Transmutations
 + Level 7.4 Earth Magic
 + Level 0.6 Evocations


You had 11 spell levels left.
You knew the following spells:

 Your Spells              Type           Power        Failure   Level  Hunger
a - Sandblast             Erth           ####..       1%          1    None
b - Stone Arrow           Conj/Erth      ###...       12%         3    ###....


Dungeon Overview and Level Annotations

Branches:
Dungeon (4/15)
 Temple: D:4-7

Altars:
Gozag
Makhleb
Nemelex Xobeh
Okawaru
Ru
Trog
Xom
Yredelemnul
Zin
The Shining One


Innate Abilities, Weirdness & Mutations

You are resistant to damage.
You can recharge devices by infusing magical energy.
You passively map a small area around you.
You do not regenerate naturally.
You are partially covered in slimy green scales (AC +2).
Your flesh is cold resistant.
You are dopey. (Int -2)


Message History

Casting: Sandblast
Confirm with . or Enter, or press ? or * to list all spells.
Aiming: Sandblast
Press: ? - help, Shift-Dir - straight line, f/p - giant cockroach
Aim: a giant cockroach (heavily wounded, clinging)
The blast of sand hits the giant cockroach.
The giant cockroach is heavily wounded.
The giant cockroach misses you.
Casting: Sandblast
Confirm with . or Enter, or press ? or * to list all spells.
Aiming: Sandblast
Press: ? - help, Shift-Dir - straight line, f/p - giant cockroach
Aim: a giant cockroach (heavily wounded, clinging)
The blast of sand hits the giant cockroach.
You kill the giant cockroach!
The orc hits you but does no damage. The orc closely misses you.
There is an escape hatch in the ceiling here.
The orc closely misses you. The ogre hits you with a giant club!!
You die...

* *
#........###########
* ##.......## * *
##.......# #####
#.......# #...#
#.......# #...# *
#.......######...# ,
, +............+...#
* #oO.....######...#
#@......# #....
#.......# ####.
#.......# #.
#.......# #.
#.......# #<
#.......##########
###'#.............
#.###..........#
######..............+


You could see an ogre and an orc.

Vanquished Creatures
  The ghost of Rekenzichi the Ducker, an amateur DrGl (D:4)
  A scorpion (D:4)
  A crimson imp (D:4)
  2 hounds (D:4)
  2 orc priests
  6 orc wizards
  2 worker ants (D:4)
  6 adders
  An ooze (D:4)
  5 worms
  3 dart slugs
  8 giant geckos
  18 orcs
  5 giant cockroaches
  6 goblins
  8 hobgoblins
  3 jackals
  2 quokkas
  A ball python (D:3)
  9 bats
  A giant newt (D:3)
  9 kobolds
  3 rats
103 creatures vanquished.

Vanquished Creatures (others)
  A worker ant (D:4)
  A worm (D:4)
  A giant cockroach (D:4)
3 creatures vanquished.

Grand Total: 106 creatures vanquished

Notes
Turn   | Place    | Note
--------------------------------------------------------------
     0 | D:1      | dvd the Deep Dwarf Earth Elementalist began the quest for the Orb.
     0 | D:1      | Reached XP level 1. HP: 15/15 MP: 3/3
    16 | D:1      | Found a sparkling altar of Nemelex Xobeh.
   353 | D:1      | Reached XP level 2. HP: 22/22 MP: 1/4
  1006 | D:2      | Reached skill level 5 in Earth Magic
  1062 | D:2      | Reached XP level 3. HP: 24/28 MP: 2/6
  1568 | D:2      | Reached XP level 4. HP: 25/36 MP: 2/7
  2014 | D:3      | Reached skill level 1 in Maces & Flails
  2014 | D:3      | Reached XP level 5. HP: 36/42 MP: 4/9
  2177 | D:3      | Learned a level 3 spell: Stone Arrow
  2311 | D:3      | Found a basalt altar of Yredelemnul.
  2351 | D:3      | Found a bloodstained altar of Trog.
  2672 | D:3      | Found an opulent altar of Gozag.
  2752 | D:3      | Found a glowing silver altar of Zin.
  2752 | D:3      | Found a burning altar of Makhleb.
  2753 | D:3      | Noticed an Executioner
  2753 | D:3      | Noticed an angel
  2950 | D:3      | Found a glowing golden altar of the Shining One.
  3100 | D:3      | Reached skill level 6 in Earth Magic
  3113 | D:3      | Reached XP level 6. HP: 28/49 MP: 0/11
  3210 | D:3      | Found an iron altar of Okawaru.
  3356 | D:4      | Noticed Rekenzichi's ghost (amateur DrGl)
  3452 | D:4      | Found a shimmering altar of Xom.
  3625 | D:4      | Gained mutation: You are dopey. (Int -2) [potion of mutation]
  3625 | D:4      | Gained mutation: You are partially covered in slimy green scales (AC +2). [potion of mutation]
  3625 | D:4      | Gained mutation: Your flesh is cold resistant. [potion of mutation]
  3727 | D:4      | Killed Rekenzichi's ghost
  3727 | D:4      | Reached skill level 7 in Earth Magic
  3727 | D:4      | Reached XP level 7. HP: 16/56 MP: 1/13
  4049 | D:4      | Found a sacrificial altar of Ru.
  4074 | D:4      | Became a worshipper of Ru the Awakened
  4132 | D:4      | Mangled by an ogre

Skill      XL: |  1  2  3  4  5  6 |
---------------+-------------------+-----
Spellcasting   | 2 3 4 |  4.8
Earth Magic    | 5 6 7 |  7.4
Maces & Flails | 1 |  1.2
Stealth        | 3 |  3.2
Dodging        | 3 |  3.1
Fighting       | |  0.6
Conjurations   | |  0.1
Transmutations | |  0.8
Evocations     | |  0.6

Action                   |  1- 3 |  4- 6 |  7- 9 || total
-------------------------+-------+-------+-------++-------
Melee: Club              |     1 |       |       ||     1
       Mace              |     4 |    49 |       ||    53
       Whip              |     1 |       |       ||     1
       Morningstar       |       |     5 |       ||     5
       War axe           |       |     4 |       ||     4
       Flail             |       |    10 |     4 ||    14
 Cast: Sandblast         |    58 |   122 |    27 ||   207
       Stone Arrow       |       |     6 |     1 ||     7
Evoke: Wand              |       |     5 |       ||     5
  Use: Scroll            |       |     2 |     4 ||     6
       Potion            |       |     8 |       ||     8
 Stab: Sleeping          |     1 |     3 |     1 ||     5
       Paralysed         |       |       |     2 ||     2
  Eat: Chunk             |     3 |     7 |     2 ||    12
Armor: Robe              |     5 |    30 |     7 ||    42
Dodge: Dodged            |    32 |   116 |    16 ||   164
